 Dungeon Crawl Stone Soup version 0.30-a0-756-gc2185399d4 (webtiles) character file.

Game seed: 15977052440807511481

354 Dirtsage the Carver (level 6, -3/44 HPs)
             Began as a Merfolk Gladiator on Feb 9, 2023.
             Was an Initiate of Wu Jian.
             Slain by a centaur (4 damage)
             ... on level 5 of the Dungeon.
             The game lasted 00:04:38 (3674 turns).

Dirtsage the Carver (Merfolk Gladiator)             Turns: 3674, Time: 00:04:38

Health: -3/44      AC:  5    Str: 15      XL:     6   Next: 63%
Magic:  6/6        EV: 13    Int:  7      God:    Wu Jian [......]
Gold:   225        SH:  0    Dex: 13 (17) Spells: 5/5 levels left

rFire   . . .      SeeInvis .    a - +0 long sword
rCold   . . .      Faith    .    (no shield)
rNeg    . . .      Spirit   .    b - +0 leather armour
rPois   .          Reflect  .    c - +0 helmet
rElec   .          Harm     .    (no cloak)
rCorr   .          Rampage  .    (no gloves)
Will    .....                    f - +0 pair of boots
Stlth   +                        (no amulet)
HPRegen 0.27/turn                (no ring)
MPRegen 0.10/turn                (no ring)

@: no status effects
A: (nimble swimmer 2), mertail
a: Renounce Religion


You were on level 5 of the Dungeon.
You worshipped Wu Jian.
Wu Jian was noncommittal.
You visited 2 branches of the dungeon, and saw 6 of its levels.

You collected 225 gold pieces.

Inventory:

Hand Weapons
 a - a +0 long sword (weapon)
Missiles
 d - 3 throwing nets (quivered)
 e - a javelin
Armour
 b - a +0 leather armour (worn)
 c - a +0 helmet (worn)
 f - a +0 pair of boots (worn)
Jewellery
 s - a ring of fire
 W - a ring of wizardry
Wands
 m - a wand of mindburst (7)
 y - a wand of flame (13)
 D - a wand of digging (2)
Scrolls
 g - 3 scrolls of fog {unknown}
 h - 4 scrolls of identify {unknown}
 i - a scroll of enchant weapon {unknown}
 k - 3 scrolls of poison {unknown}
 n - a scroll of silence {unknown}
 p - 4 scrolls of amnesia {unknown}
 r - a scroll of acquirement {unknown}
 t - a scroll of vulnerability {unknown}
 x - a scroll of noise {unknown}
 z - a scroll of enchant armour {unknown}
Potions
 j - 3 potions of curing {unknown}
 l - 2 potions of heal wounds
 o - 2 potions of cancellation {unknown}
 q - 2 potions of flight {unknown}
 u - 2 potions of attraction {unknown}
 v - a potion of degeneration {unknown}
 w - a potion of ambrosia {unknown}


   Skills:
 - Level 2.1 Fighting
 + Level 8.7 Long Blades
 - Level 2.0 Throwing
 - Level 4.0 Dodging


You had 5 spell levels left.
You didn't know any spells.
Your spell library was empty.

Dungeon Overview and Level Annotations

Branches:
Dungeon (5/15)             Temple (1/1) D:4

Altars:
Ashenzari
Cheibriados
Dithmenos
Elyvilon
Fedhas
Gozag
Hepliaklqana
Kikubaaqudgha
Nemelex Xobeh
Okawaru
Qazlal
Ru
Sif Muna
Trog
Uskayaw
Vehumet
Wu Jian
Xom
Yredelemnul
Zin
The Shining One


Innate Abilities, Weirdness & Mutations

((You are very nimble when in or above water. (Stealth+, EV+, Speed+++)))
Your lower body shifts to a powerful aquatic tail in water.


Message History

You barely miss the centaur.
The centaur is lightly wounded.
The centaur hits you but does no damage.
The centaur kicks you. The centaur misses you.
The centaur kicks you but does no damage.
You take 2 damage, and have 20/44 hp.
You hit the centaur but do no damage.
The centaur is lightly wounded.
The centaur hits you.
The centaur kicks you but does no damage.
You take 4 damage, and have 16/44 hp.
You hit the centaur.
The centaur is moderately wounded.
The centaur barely misses you. x2; The orc hits you with a +0 hand axe.
* * * LOW HITPOINT WARNING * * *
The centaur hits you.
* * * LOW HITPOINT WARNING * * *
The centaur misses you.
You take 5 damage, and have 11/44 hp.
You hit the centaur.
The centaur is moderately wounded.
The orc closely misses you. The centaur hits you.
* * * LOW HITPOINT WARNING * * *
The centaur misses you.
You take 6 damage, and have 5/44 hp.
You slash the centaur!
The centaur is severely wounded.
The centaur misses you.
The centaur kicks you but does no damage.
The orc hits you with a +0 hand axe.
* * * LOW HITPOINT WARNING * * *
You hit the centaur but do no damage.
The centaur is severely wounded.
The centaur hits you but does no damage.
The centaur kicks you.
* * * LOW HITPOINT WARNING * * *
The orc hits you with a +0 hand axe.
* * * LOW HITPOINT WARNING * * *
The centaur hits you.
You die...

.... .... .....
..... #.... ####
##....##..######
......c........#
......o@.......#
...............#
.............<.#
#..............#
.#..#....#######
..#.###### . . .


You could see a centaur and an orc.

Vanquished Creatures
  Eustachio (D:4)
  Blork the orc (D:4)
  Jessica (D:2)
  Ijyb (D:4)
  An iguana (D:4)
  An adder (D:2)
  A worm (D:2)
  4 dart slugs
  4 orcs
  8 endoplasms
  5 giant cockroaches
  3 goblins
  5 hobgoblins
  4 jackals (D:4)
  7 kobolds
  3 ball pythons
  5 bats
  2 frilled lizards (D:3)
  3 rats
60 creatures vanquished.

Vanquished Creatures (others)
  A quokka (D:3)
1 creature vanquished.

Grand Total: 61 creatures vanquished

Notes
Turn   | Place    | Note
-------+----------+-------------------------------------------
     0 | D:1      | Dirtsage the Merfolk Gladiator began the quest for the Orb.
     0 | D:1      | Reached XP level 1. HP: 16/16 MP: 1/1
    28 | D:1      | Reached skill level 4 in Long Blades
   101 | D:1      | Reached XP level 2. HP: 17/22 MP: 2/2
   512 | D:1      | Reached XP level 3. HP: 24/27 MP: 3/3
   535 | D:1      | Reached skill level 5 in Long Blades
   644 | D:2      | Noticed Jessica
   646 | D:2      | Found a faded altar of an unknown god.
   653 | D:2      | Killed Jessica
   709 | D:2      | Reached XP level 4. HP: 33/33 MP: 4/4
   899 | D:2      | Reached skill level 6 in Long Blades
  1008 | D:2      | Found a hide-covered altar of Uskayaw.
  1261 | D:3      | Found a radiant altar of Vehumet.
  2111 | D:4      | Found a staircase to the Ecumenical Temple.
  2130 | D:4      | Reached XP level 5. HP: 9/38 MP: 5/5
  2135 | Temple   | Entered the Ecumenical Temple
  2520 | Temple   | Became a worshipper of the Wu Jian Council
  2617 | D:4      | Noticed Ijyb
  2635 | D:4      | Killed Ijyb
  2636 | D:4      | Reached skill level 7 in Long Blades
  3022 | D:4      | Noticed Blork the orc
  3030 | D:4      | Killed Blork the orc
  3080 | D:4      | Noticed Eustachio
  3117 | D:4      | Killed Eustachio
  3118 | D:4      | Reached skill level 8 in Long Blades
  3118 | D:4      | Reached XP level 6. HP: 10/44 MP: 6/6
  3559 | D:4      | Found a stormy altar of Qazlal.
  3660 | D:5      | Entered Level 5 of the Dungeon
  3674 | D:5      | HP: 1/44 [orc/+0 hand axe (3)]
  3674 | D:5      | Slain by a centaur

Illustrated notes

Levels and vault maps discovered:
D:1:      ebering_trefoil_twist, layout_rooms
D:2:      layout_loops_ring, basic_altar, ebering_ecumenical_altar_mist,
          minmay_pentomino_x4, uniq_jessica
D:3:      layout_basic, fiery_altar_vehumet, nicolae_hexahallways
D:4:      layout_loops_corners, nicolae_qazlal_eye_of_the_storm,
          minmay_temple_entry_steel_oval, uniq_ijyb, uniq_eustachio,
          uniq_blork_the_orc
D:5:      layout_gridville, serial_shops, nicolae_diamond_shop
Temple:   mainiacjoe_temple_cubbyholes

Skill      XL: |  1  2  3  4  5 |
---------------+----------------+-----
Long Blades    | 4 5 6 8 |  8.7
Fighting       | |  2.1
Throwing       | |  2.0
Dodging        | |  4.0

Action                     |  1- 3 |  4- 6 || total
---------------------------+-------+-------++-------
  Melee: Long sword        |    58 |   160 ||   218
Ability: Lunge             |       |     8 ||     8
    Use: Potion            |       |     1 ||     1
   Stab: Sleeping          |       |     3 ||     3
 Armour: Leather armour    |    20 |    73 ||    93
  Dodge: Dodged            |    33 |   154 ||   187

Table legend: (Time is in decaauts)
 A = Elapsed time spent in this place.
 B = Non-inter-level travel time spent in this place.
 C = Inter-level travel time spent in this place.
 D = Time resting spent in this place.
 E = Time spent auto-exploring this place.
 F = Levels seen in this place.
 G = Mean time per level.
                   A        B        C        D        E       F      G
               +--------+--------+--------+--------+--------+-----+--------+
         Total |   3693 |   3532 |    161 |      0 |   2970 |   6 |  615.5 |
       Dungeon |   3264 |   3145 |    119 |      0 |   2598 |   5 |  652.8 |
        Temple |    428 |    386 |     42 |      0 |    372 |   1 |  428.0 |
               +--------+--------+--------+--------+--------+-----+--------+

Top non-repeatable levels by time:
     D:4: 1200 daAuts
     D:3: 785 daAuts
     D:2: 694 daAuts
     D:1: 570 daAuts
  Temple: 428 daAuts
     D:5: 13 daAuts
